 Dungeon Crawl Stone Soup version 0.24.1 (webtiles) character file.

Game seed: 5756677575620129034, levelgen mode: deterministic

64 LokiSocial the Grave Robber (level 3, 0/19 HPs)
             Began as a Deep Elf Necromancer on Mar 24, 2020.
             Slain by a jackal (1 damage)
             ... on level 3 of the Dungeon.
             The game lasted 00:27:40 (2335 turns).

LokiSocial the Grave Robber (Deep Elf Necromancer)  Turns: 2335, Time: 00:27:41

Health: 0/19       AC:  3    Str:  5    XL:     3   Next: 91%
Magic:  10/10      EV: 12    Int: 20    God:
Gold:   90         SH:  0    Dex: 15    Spells: 2/9 levels left

rFire    . . .     SeeInvis .   o - +0 dagger
rCold    . . .     Gourm    .   (no shield)
rNeg     . . .     Faith    .   f - +0 leather armour
rPois    .         Spirit   .   (no helmet)
rElec    .         Reflect  .   (no cloak)
rCorr    .         Harm     .   (no gloves)
MR       .....                  (no boots)
Stlth    +.........             (no amulet)
HPRegen  0.06/turn              a - ring of attention (curse)
MPRegen  0.12/turn              (no ring)

@: starving
A: no striking features
a: no special abilities


You were on level 3 of the Dungeon.
You were starving.

You visited 1 branch of the dungeon, and saw 3 of its levels.

You collected 90 gold pieces.

Inventory:

Hand Weapons
 o - a +0 dagger (weapon)
Missiles
 b - 10 poisoned darts (quivered)
 i - 87 stones
 n - 13 arrows
Armour
 e - a +0 robe
 f - a +0 leather armour (worn)
Jewellery
 a - a cursed ring of attention (left hand)
Scrolls
 j - 2 scrolls of identify {unknown}
 m - a scroll of magic mapping {unknown}
Potions
 d - a potion of heal wounds {unknown}
 g - a potion of haste {unknown}
 h - a potion of cancellation {unknown}
 k - a potion of resistance {unknown}
 l - 2 potions of might {unknown}
Comestibles
 c - 6 rations


   Skills:
 + Level 2.6 Dodging
 - Level 2.4 Stealth
 + Level 3.7 Spellcasting
 * Level 6.3 Necromancy


You had 2 spell levels left.
You knew the following spells:

 Your Spells              Type           Power        Failure   Level  Hunger
a - Pain                  Necr           ####         1%          1    None
b - Vampiric Draining     Necr           ####......   4%          3    ###....
c - Regeneration          Chrm/Necr      ###.......   19%         3    ###....

Your spell library contained the following spells:

 Spells                   Type           Power        Failure   Level  Hunger
 Animate Skeleton         Necr           N/A          1%          1    None
 Animate Dead             Necr           N/A          17%         4    ####...


Dungeon Overview and Level Annotations

Branches:
Dungeon (3/15)

Altars:
Trog


Message History

The ooze is almost dead.
The ooze hits you.
* * * LOW HITPOINT WARNING * * *
You don't have the energy to cast that spell.
You see here a dagger.
You hit the ooze but do no damage.
The ooze is almost dead.
The ooze closely misses you.
You hit the ooze.
The ooze is almost dead.
The ooze closely misses you.
You barely miss the ooze.
The ooze is almost dead.
The ooze hits you.
* * * LOW HITPOINT WARNING * * *
The jackal bites you but does no damage.
The ooze hits you.
* * * LOW HITPOINT WARNING * * *
The jackal bites you.
You die...

#. #. #. .####.##
........# #.##
#..######### ####..#
#..........# ......#
#..#######.# ......#
#..#<...@h.#
..†...###..######Jh#
........#..# #h.#
..).....#..# #..#
.##.....#..# #..#
#.....#..# #..#
#.....#..# #..######
+.....#..#
#.........
#.......##
#.#########


You could see an ooze and 3 jackals.

Vanquished Creatures
  An ooze (D:2)
  3 worms (D:2)
  4 dart slugs
  5 leopard geckos
  2 bats
  A giant cockroach (D:1)
  3 goblins
  7 hobgoblins
  3 kobolds (D:1)
  4 frilled lizards
  6 rats (D:1)
39 creatures vanquished.

Notes
Turn   | Place    | Note
-------+----------+-------------------------------------------
     0 | D:1      | LokiSocial the Deep Elf Necromancer began the quest for the
                  | Orb.
     0 | D:1      | Reached XP level 1. HP: 10/10 MP: 6/6
    21 | D:1      | Reached skill level 5 in Necromancy
   207 | D:1      | Reached XP level 2. HP: 13/15 MP: 5/8
   759 | D:1      | Reached XP level 3. HP: 19/19 MP: 7/9
   806 | D:1      | Learned a level 3 spell: Vampiric Draining
   810 | D:1      | Learned a level 3 spell: Regeneration
  1128 | D:2      | Found a bloodstained altar of Trog.
  1230 | D:2      | Reached skill level 6 in Necromancy
  2335 | D:3      | Slain by a jackal

Levels and vault maps discovered:
D:1:      dpeg_arrival_windows_large_door, layout_rooms, glass_columns_a
D:2:      layout_basic, bloody_trog
D:3:      layout_basic, gammafunk_temple_overflow_claw, first_ration,
          wander_ebering_terrifying_dragon_lair, uniq_grinder

Skill      XL: |  1  2  3 |
---------------+----------+-----
Necromancy     | 5 6 |  6.3
Dodging        | |  2.6
Stealth        | |  2.4
Spellcasting   | |  3.7

Action                   || total
-------------------------++-------
Melee: Dagger            ||    20
       Mace              ||     9
 Cast: Pain              ||    68
       Vampiric Draining ||     4
  Use: Scroll            ||     1
  Eat: Chunk             ||     2
Armor: Leather armour    ||    10
Dodge: Dodged            ||    23
